 Dungeon Crawl Stone Soup version 0.21-a0-531-gacddea6 (webtiles) character file.

387 slep the Slasher (level 6, -5/47 HPs)
             Began as a Demonspawn Gladiator on Dec 14, 2017.
             Slain by an ogre
             ... wielding a cursed -2 giant club
              (15 damage)
             ... on level 4 of the Dungeon.
             The game lasted 00:10:07 (2392 turns).

slep the Slasher (Demonspawn Gladiator)             Turns: 2392, Time: 00:10:08

Health: -5/47      AC: 10    Str: 16    XL:     6   Next: 49%
Magic:  6/6        EV: 13    Int:  9    God:
Gold:   111        SH:  0    Dex: 15    Spells: 5/5 levels left

rFire    . . .     SeeInvis .   a - +0 long sword
rCold    . . .     Gourm    .   (no shield)
rNeg     . . .     Faith    .   k - +1 leather armour {MR+}
rPois    .         Spirit   .   (helmet restricted)
rElec    .         Reflect  .   (no cloak)
rCorr    .         Harm     .   (no gloves)
MR       +....                  p - +2 pair of boots
Stlth    +++.......             u - amulet of inaccuracy (curse)
HPRegen  0.15/turn              (no ring)
MPRegen  0.10/turn              (no ring)

@: no status effects
A: antennae 1, molten scales 1, nightstalker 1, sense surroundings 1, shaggy fur
1, evolution 1, rot immunity
a: no special abilities


You were on level 4 of the Dungeon.
You were not hungry.

You visited 1 branch of the dungeon, and saw 4 of its levels.

You collected 111 gold pieces.

Inventory:

Hand Weapons
 a - a +0 long sword (weapon)
Missiles
 d - a throwing net (quivered)
Armour
 b - a +0 leather armour
 c - a +0 helmet
 g - a +0 ring mail
 k - a +1 leather armour of magic resistance (worn)
 p - a +2 pair of boots (worn)
Jewellery
 r - an uncursed amulet of rage
 u - a cursed amulet of inaccuracy (around neck)
Wands
 e - a wand of flame (10)
Scrolls
 i - a scroll of amnesia {unknown}
 j - 5 scrolls of identify {unknown}
 m - a scroll of fog {unknown}
 n - 3 scrolls of teleportation {unknown}
 s - 2 scrolls of enchant weapon {unknown}
Potions
 l - 4 potions of curing {unknown}
 o - a potion of brilliance {unknown}
 t - a potion of flight {unknown}
 v - a potion of degeneration {unknown}
 x - a potion of haste
Books
 q - a book of Minor Magic

   Spells                             Type                      Level
   a - Magic Dart                     Conjuration                  1
   b - Blink                          Translocation                2
   c - Call Imp                       Summoning                    2
   d - Slow                           Hexes                        2
   e - Conjure Flame                  Conjuration/Fire             3
   f - Mephitic Cloud                 Conjuration/Poison/Air       3
Comestibles
 f - 5 bread rations
 h - a royal jelly
 w - 3 chunks of flesh


   Skills:
 + Level 3.0 Fighting
 + Level 4.5 Long Blades
 + Level 1.8 Throwing
 + Level 2.6 Armour
 + Level 3.6 Dodging
 + Level 2.0 Stealth


You had 5 spell levels left.
You didn't know any spells.

Dungeon Overview and Level Annotations

Branches:
Dungeon (4/15)
 Temple: D:4-7

Altars:
Yredelemnul


Innate Abilities, Weirdness & Mutations

You have a pair of small antennae on your head.
You are partially covered in molten scales. (AC +2)
You are slightly more attuned to the shadows.
You are immune to rotting.
You passively map a small area around you.
You are covered in fur. (AC +1)
You evolve.


Message History

The helpless ogre fails to defend itself.
You hit the ogre.
The ogre is lightly wounded.
The ogre hits you with a giant club!
You completely miss the ogre.
The ogre is lightly wounded.
You feel sick.
You are no longer poisoned.
The ogre closely misses you.
You hit the ogre.
The ogre is moderately wounded.
The ogre barely misses you.
You closely miss the ogre.
The ogre is moderately wounded.
The ogre hits you with a giant club!
* * * LOW HITPOINT WARNING * * *
You slash the ogre!
The ogre is severely wounded.
The ogre hits you with a giant club!
You die...

, * * ,* , *
* , , , .. *
* *#.##, * ,
#.. , #.
#.###. * *
#..#####....
,
.....O...#**
#.....@..# ,
*##.#####.#
* , , #.# *
* , ,
#.###### , ,
#......# ,,
,,
,,#......#
,, * ** *
#......#
#......# *,
, #..†...# ,


You could see an ogre.

Vanquished Creatures
  Sigmund (D:2)
  An orc wizard (D:3)
  A worker ant (D:4)
  Robin (D:2)
  9 adders
  2 oozes
  2 worms
  A dart slug (D:3)
  A leopard gecko (D:2)
  7 orcs (D:3)
  A ball python (D:1)
  A giant cockroach (D:3)
  16 goblins
  7 hobgoblins
  5 jackals
  5 kobolds
  2 bats
  3 frilled lizards
  10 rats
  A spectral orc (D:3)
77 creatures vanquished.

Notes
Turn   | Place    | Note
-------+----------+-------------------------------------------
     0 | D:1      | slep the Demonspawn Gladiator began the quest for the Orb.
     0 | D:1      | Reached XP level 1. HP: 16/16 MP: 1/1
    56 | D:1      | Reached skill level 3 in Long Blades
    74 | D:1      | Gained mutation: You are partially covered in molten scales. (AC +2) [demonic ancestry]
    74 | D:1      | Reached XP level 2. HP: 22/22 MP: 2/2
   376 | D:2      | Found a faded altar of an unknown god.
   599 | D:2      | Gained mutation: You have a pair of small antennae on your head. [demonic ancestry]
   599 | D:2      | Reached XP level 3. HP: 24/28 MP: 3/3
   923 | D:2      | Reached skill level 1 in Armour
   936 | D:2      | Noticed Sigmund
   936 | D:2      | Noticed Robin
   937 | D:2      | Gained mutation: You evolve. [potion of mutation]
   937 | D:2      | Gained mutation: You are covered in fur. (AC +1) [potion of mutation]
   937 | D:2      | Gained mutation: You passively map a small area around you. [potion of mutation]
   943 | D:2      | Gained mutation: You are slightly more attuned to the shadows. [demonic ancestry]
   943 | D:2      | Reached XP level 4. HP: 34/34 MP: 4/4
   983 | D:2      | Killed Sigmund
   983 | D:2      | Reached skill level 4 in Long Blades
   983 | D:2      | Reached skill level 1 in Stealth
   983 | D:2      | Gained mutation: You are immune to rotting. [demonic ancestry]
   983 | D:2      | Reached XP level 5. HP: 3/40 MP: 5/5
   989 | D:2      | Killed Robin
   995 | D:2      | HP: 1/40 [goblin[Robin] (3)]
  1632 | D:3      | Reached XP level 6. HP: 44/46 MP: 6/6
  1814 | D:3      | Found a basalt altar of Yredelemnul.
  2392 | D:4      | Slain by an ogre

Vault maps used:
D:1:      ncdulo_watergridlock
D:2:      chequers_ecumenical_altar_twisty, first_bread, feat_on_display,
          uniq_sigmund, uniq_robin
D:3:      yredelemnul_forgotten_temple_becter

Skill      XL: |  1  2  3  4  5  6 |
---------------+-------------------+-----
Long Blades    | 3 4 |  4.5
Dodging        | 3 |  3.6
Armour         | 1 2 |  2.6
Stealth        | 1 2 |  2.0
Fighting       | 3 |  3.0
Throwing       | |  1.8

Action                   |  1- 3 |  4- 6 || total
-------------------------+-------+-------++-------
Melee: Long sword        |    76 |   202 ||   278
Throw: Throwing net      |       |     2 ||     2
  Use: Potion            |     2 |     1 ||     3
 Stab: Held in net/web   |       |     1 ||     1
       Sleeping          |       |     9 ||     9
  Eat: Chunk             |       |     5 ||     5
Armor: Leather armour    |    31 |    67 ||    98
       Ring mail         |       |    38 ||    38
Dodge: Dodged            |    62 |   161 ||   223
       Rpst.: Long sword |    21 |    39 ||    60

Table legend:
 A = Spawn XP
 B = Non-spawn XP
 C = Spawn XP percentage of total XP
 D = Spawn monster count
 E = Non-spawn monster count
 F = Spawn count percentage of total count
 G = Total turns spent on level
                    A         B        C        D         E        F      G
               +---------+---------+-------+---------+---------+-------+---------
         Total |       0 |     554 |   0.0 |       0 |      77 |   0.0 |  2392
               +---------+---------+-------+---------+---------+-------+---------
           D:1 |       0 |      30 |   0.0 |       0 |      17 |   0.0 |   345
           D:2 |       0 |     344 |   0.0 |       0 |      30 |   0.0 |  1268
           D:3 |       0 |     148 |   0.0 |       0 |      29 |   0.0 |   749
           D:4 |       0 |      32 |   0.0 |       0 |       1 |   0.0 |    30
               +---------+---------+-------+---------+---------+-------+---------
